 Dungeon Crawl Stone Soup version 0.24.0-125-gc4c63601f3 (webtiles) character file.

Game seed: 596078862938782346, levelgen mode: deterministic

32 LraC the Grave Robber (level 3, -1/24 HPs)
             Began as a Demonspawn Necromancer on Mar 3, 2020.
             Slain by an orc wizard
             ... wielding a +0 dagger
              (2 damage)
             ... on level 1 of the Dungeon.
             The game lasted 00:28:05 (1864 turns).

LraC the Grave Robber (Demonspawn Necromancer)      Turns: 1864, Time: 00:28:06

Health: -1/24      AC:  3    Str:  8    XL:     3   Next: 10%
Magic:  5/6        EV: 11    Int: 17    God:
Gold:   91         SH:  0    Dex: 13    Spells: 5/7 levels left

rFire    . . .     SeeInvis .   m - -3 dagger
rCold    . . .     Gourm    .   (no shield)
rNeg     . . .     Faith    .   n - +0 leather armour
rPois    .         Spirit   .   (helmet restricted)
rElec    .         Reflect  .   (no cloak)
rCorr    .         Harm     .   (no gloves)
MR       .....                  (no boots)
Stlth    ++........             (no amulet)
HPRegen  0.08/turn              (no ring)
MPRegen  0.10/turn              (no ring)

@: no status effects
A: horns 1, rot immunity
a: no special abilities


You were on level 1 of the Dungeon.
You were not hungry.

You visited 1 branch of the dungeon, and saw 2 of its levels.

You collected 91 gold pieces.

Inventory:

Hand Weapons
 f - a cursed -1 club
 g - a +0 club
 h - a +0 hunting sling
 m - a -3 dagger (weapon)
Missiles
 b - 6 atropa-tipped darts (quivered)
 d - 25 sling bullets
 j - 66 stones
Armour
 a - a +1 robe
 e - a +0 ring mail
 i - a +0 scale mail
 k - a +0 leather armour
 n - a +0 leather armour (worn)
Comestibles
 c - 4 rations


   Skills:
 + Level 0.1 Armour
 + Level 1.8 Dodging
 + Level 1.8 Stealth
 + Level 0.3 Unarmed Combat
 + Level 2.6 Spellcasting
 + Level 4.9 Necromancy


You had 5 spell levels left.
You knew the following spells:

 Your Spells              Type           Power        Failure   Level  Hunger
a - Pain                  Necr           ###.         3%          1    #......
b - Animate Skeleton      Necr           N/A          3%          1    #......

Your spell library contained the following spells:

 Spells                   Type           Power        Failure   Level  Hunger
 Vampiric Draining        Necr           ###.......   11%         3    ###....
 Regeneration             Chrm/Necr      ##........   28%         3    ###....
 Animate Dead             Necr           N/A          34%         4    #####..


Dungeon Overview and Level Annotations

Branches:
Dungeon (2/15)

Altars:


Innate Abilities, Weirdness & Mutations

You have a pair of small horns on your head.
You are immune to rotting.


Message History

The orc wizard blinks!
The orc wizard mumbles some strange words.
The orc wizard blinks!
The orc wizard gestures at you while chanting.
The magic dart hits you!
There is a stone staircase leading up here.
The orc wizard hits you with a +0 dagger.
* * * LOW HITPOINT WARNING * * *
The orc wizard hits you with a +0 dagger.
* * * LOW HITPOINT WARNING * * *
You climb upwards.
There is a stone staircase leading down here.
Casting: Pain (safe; 3% risk of failure)
Confirm with . or Enter, or press ? or * to list all spells.
Aiming: Pain (safe; 3% risk of failure)
Press: ? - help, Shift-Dir - straight line, f - orc wizard
Aim: an orc wizard, wielding a +0 dagger and wearing a +0 robe (moderately wounded, fast, chance to defeat MR: 78%)
The orc wizard writhes in agony.
The orc wizard hits you with a +0 dagger.
You die...

##..####....≈...≈....#
#..# ##....≈≈≈....##
#..# ##.........##
###..#### ##.......##
#.......# ##.##..##
#.......## ##.#.## ##
#........#############.
#......................
#.....@.........######.
#......o........# ##
#.........###.###
###.......###.#
#...........#
#############


You could see an orc wizard.

Vanquished Creatures
  An ooze (D:2)
  2 leopard geckos
  2 orcs (D:2)
  3 giant cockroaches (D:2)
  2 goblins
  3 hobgoblins (D:1)
  5 bats
  A kobold (D:2)
  6 rats
25 creatures vanquished.

Notes
Turn   | Place    | Note
-------+----------+-------------------------------------------
     0 | D:1      | LraC the Demonspawn Necromancer began the quest for the
                  | Orb.
     0 | D:1      | Reached XP level 1. HP: 13/13 MP: 3/3
    16 | D:1      | Learned a level 1 spell: Animate Skeleton
   392 | D:1      | Gained mutation: You have a pair of small horns on your
                  | head. [demonic ancestry]
   392 | D:1      | Reached XP level 2. HP: 14/19 MP: 0/5
  1313 | D:2      | Gained mutation: You are immune to rotting. [demonic
                  | ancestry]
  1313 | D:2      | Reached XP level 3. HP: 22/24 MP: 1/6
  1864 | D:1      | Slain by an orc wizard

Levels and vault maps discovered:
D:1:      enne_arrival_octagon_isle, layout_loops_ring, roderic_roman_lattice
D:2:      layout_rooms, serial_glass, glass_columns_b, glass_columns_b,
          chequers_serial_rivers_room_b

Action                   || total
-------------------------++-------
Melee: Unarmed           ||     7
       Dagger            ||    24
       Club              ||     3
       Headbutt          ||     3
 Cast: Pain              ||    40
       Animate Skeleton  ||     6
  Use: Scroll            ||     4
       Potion            ||     2
  Eat: Chunk             ||     1
       Ration            ||     1
Armor: Robe              ||     6
       Leather armour    ||     3
Dodge: Dodged            ||    23
